[Event "Aktivschachturnier (30 Sek. pro Zug)"]
[Site "Wuppertal"]
[Date "2007.??.??"]
[Round "?"]
[White "Super Constellation, Novag"]
[Black "Corona, Saitek"]
[Result "1/2-1/2"]
[ECO "C36"]
[WhiteElo "1732"]
[BlackElo "1900"]
[Annotator "Jaeger,Thomas"]
[PlyCount "46"]
[EventDate "2007.??.??"]
[TimeControl "120+1"]

{32MB, book.ctg, ANJATHOMAS} 1. e4 e5 2. f4 exf4 3. Nf3 d5 4. exd5 Nf6 5. Bb5+
c6 6. dxc6 Nxc6 7. d4 Bd6 8. O-O O-O 9. Nbd2 Bg4 10. Nc4 Bc7 11. Bxc6 bxc6 {
letzter Buchzug} 12. Qd3 {letzter Buchzug} Nd7 13. Bd2 Re8 14. h3 Bh5 15. Rae1
Bg6 16. Rxe8+ Qxe8 17. Qc3 Qe4 18. Nce5 Nxe5 19. Nxe5 Bxe5 20. dxe5 Rd8 21.
Bxf4 Qxc2 22. Qxc2 Bxc2 23. Kf2 Kf8 {
in der Folge wurden die Turme und einige bauern getauscht - remis} 1/2-1/2

[Event "Aktivschachturnier (30 Sek. pro Zug)"]
[Site "Wuppertal"]
[Date "2007.??.??"]
[Round "?"]
[White "Corona, Saitek"]
[Black "Super Constellation, Novag"]
[Result "1-0"]
[ECO "C85"]
[WhiteElo "1900"]
[BlackElo "1732"]
[Annotator "Jaeger,Thomas"]
[PlyCount "107"]
[EventDate "2007.??.??"]
[TimeControl "120+1"]

{32MB, book.ctg, ANJATHOMAS} 1. e4 e5 2. Nf3 Nc6 3. Bb5 a6 4. Ba4 Nf6 5. O-O
Be7 6. Bxc6 dxc6 7. d3 Nd7 8. Nbd2 O-O 9. Nc4 f6 {letzter Buchzug} 10. Ne3 {
letzter Buchzug} Nc5 11. b4 Ne6 12. Bd2 c5 13. a3 cxb4 14. axb4 Nf4 15. Bc3 Qe8
16. Qd2 Kh8 17. d4 Qg6 18. dxe5 Qxe4 19. exf6 Bxf6 20. Bxf6 gxf6 21. Ra3 Rg8
22. Kh1 Bh3 23. Rg1 Rad8 24. Qc3 Rd6 25. Qxc7 Rd7 {Lg2} 26. Qc3 Rg6 27. Nh4 Rh6
28. Qc8+ Kg7 29. f3 Qe6 30. gxh3+ Rg6 31. Nxg6 {Shf5} hxg6 32. Raa1 Qxh3 33.
Ra3 Ne2 34. Nf5+ Qxf5 35. Rd3 Nd4 36. Re1 Rf7 37. Qxf5 Nxf5 38. c4 Rc7 39. c5
Kf7 40. Kg2 b6 41. cxb6 Rb7 42. Re4 Ne7 43. Rd6 Nc8 44. Rd5 Nxb6 45. Ra5 g5 46.
Rd4 Ra7 47. Rd6 Nc4 48. Raxa6 Rxa6 49. Rxa6 f5 50. b5 Ke7 51. Rg6 g4 52. fxg4
fxg4 53. b6 Ne3+ 54. Kf2 1-0

[Event "Aktivschachturnier (30 Sek. pro Zug)"]
[Site "Wuppertal"]
[Date "2007.??.??"]
[Round "?"]
[White "Kishon Chesster, Fidelity"]
[Black "Corona, Saitek"]
[Result "1-0"]
[ECO "B45"]
[WhiteElo "1781"]
[BlackElo "1900"]
[Annotator "Jaeger,Thomas"]
[PlyCount "141"]
[EventDate "2007.??.??"]
[TimeControl "120+1"]

{32MB, book.ctg, ANJATHOMAS} 1. e4 c5 2. Nf3 e6 3. d4 cxd4 4. Nxd4 Nf6 5. Nc3
Nc6 6. Ndb5 Bb4 7. a3 Bxc3+ 8. Nxc3 d5 9. exd5 exd5 10. Bd3 {letzter Buchzug}
d4 {letzter Buchzug} 11. Ne2 O-O 12. O-O Re8 13. Bf4 Qb6 14. Qd2 Be6 15. c3
dxc3 16. Nxc3 Rad8 17. Be3 Qb3 18. Qe2 Nd4 19. Qd1 Bg4 20. Qxb3 Nxb3 21. Bb5
Rxe3 22. fxe3 Nxa1 23. Rxa1 Rd2 24. h3 Bh5 25. Rc1 Kf8 26. b3 a6 27. Bf1 Ke7
28. e4 Bg6 29. Re1 Ke6 {?! Tc2} 30. e5 Ne8 31. Bc4+ Ke7 32. e6 fxe6 33. Bxe6
Kd6 34. Bf7 Nf6 35. Bxg6 hxg6 36. Kh2 Rc2 37. Ne4+ Kd5 38. Ng5 Rb2 39. b4 Nh5
40. Re7 b6 41. Rf7 Ra2 42. Rf3 Nf6 43. Rg3 Nh5 44. Rd3+ Ke5 45. Nf3+ Ke6 46.
Nd4+ Kf6 47. Rf3+ Ke5 48. Nc6+ Kd6 49. Nb8 a5 50. bxa5 bxa5 51. Rd3+ Kc7 52.
Na6+ Kc6 53. Rc3+ Kb6 54. Nb8 Nf4 55. Nd7+ Ka6 56. Rg3 Kb5 57. Ne5 Ka4 58. Nxg6
Ne2 59. Re3 Nc1 60. h4 Nb3 61. Re7 Kxa3 62. Rxg7 Nd4 63. Kh3 Rc2 64. g3 Ne6 {
beide machen viele Fehler, aber ist auch nicht so einfach} 65. Re7 Nd4 66. h5
Nc6 67. Re3+ Kb2 68. h6 Rc1 69. Re2+ Ka3 70. h7 Nd4 71. Rh2 1-0

[Event "Aktivschachturnier (30 Sek. pro Zug)"]
[Site "Wuppertal"]
[Date "2007.??.??"]
[Round "?"]
[White "Corona, Saitek"]
[Black "Kishon Chesster, Fidelity"]
[Result "1-0"]
[ECO "E37"]
[WhiteElo "1900"]
[BlackElo "1781"]
[Annotator "Jaeger,Thomas"]
[PlyCount "100"]
[EventDate "2007.??.??"]
[TimeControl "120+1"]

{32MB, book.ctg, ANJATHOMAS} 1. d4 Nf6 2. c4 e6 3. Nc3 Bb4 4. Qc2 d5 5. a3
Bxc3+ 6. Qxc3 Ne4 7. Qc2 c5 8. dxc5 Nc6 9. Nf3 {letzter Buchzug} Qa5+ {
letzter Buchzug} 10. Bd2 Qxc5 11. e3 Nxd2 12. Nxd2 O-O 13. Bd3 f5 14. b4 Qd6
15. c5 Qc7 16. O-O Bd7 17. h3 a6 18. Qb3 Ne5 19. Bc2 Bb5 20. Rfd1 b6 21. cxb6
Qxb6 22. a4 Be2 23. Re1 Bh5 24. Qb2 Qd6 25. Bd1 Bxd1 26. Rexd1 Nd3 27. Qd4 Nxb4
28. Rab1 Rab8 29. Nf3 f4 30. e4 Nc2 31. Qd3 Rxb1 32. Rxb1 Nb4 33. Qe2 Rc8 34.
Ng5 e5 35. exd5 {Dh5!} Nxd5 36. Qd3 g6 37. Rb7 {Se4 gewinnt Figur!} Rc1+ 38.
Kh2 Rc6 39. Ne4 Qe6 40. Rxh7 Nb4 41. Qd8+ Kxh7 42. Ng5+ Kg7 43. Nxe6+ Rxe6 44.
Qc8 Re7 45. Qc5 Rb7 46. Qxe5+ Kh7 47. Qxf4 a5 48. Qh4+ Kg7 49. Qe4 Rd7 50. Qe5+
Kh6 1-0

[Event "Aktivschachturnier (30 Sek. pro Zug)"]
[Site "Wuppertal"]
[Date "2007.??.??"]
[Round "?"]
[White "Corona, Saitek"]
[Black "Excel 68000, Fidelity"]
[Result "1-0"]
[ECO "C85"]
[WhiteElo "1900"]
[BlackElo "1859"]
[Annotator "Jaeger,Thomas"]
[PlyCount "151"]
[EventDate "2007.??.??"]
[TimeControl "120+1"]

{32MB, book.ctg, ANJATHOMAS} 1. e4 e5 2. Nf3 Nc6 3. Bb5 a6 4. Ba4 Nf6 5. O-O
Be7 6. Bxc6 dxc6 7. d3 Nd7 8. Nbd2 O-O 9. Nc4 f6 {letzter Buchzug} 10. Ne3 {
letzter Buchzug} Nb6 11. d4 Qd6 12. dxe5 fxe5 13. Qd3 Bf6 14. Rd1 Qxd3 15. Rxd3
Be6 16. h3 Na4 17. Ng4 Bxg4 18. hxg4 Nc5 19. Re3 Ne6 20. Re1 h6 21. Be3 Rad8
22. Red1 Rd6 23. c3 Rfd8 24. Rxd6 cxd6 25. Bb6 Rd7 26. Kf1 Kf7 27. Re1 Nc5 28.
Bxc5 dxc5 29. b3 Ke6 30. Ke2 b5 31. c4 Be7 32. a3 a5 33. a4 b4 34. Rh1 Kf6 35.
Rh5 Bd6 36. Ke3 Rd8 37. Rh2 Bc7 38. Rh1 Bd6 39. Rh4 Bc7 40. g5+ hxg5 41. Rg4
Rd1 42. Rxg5 Rb1 43. Rf5+ Ke6 44. Nd2 Re1+ 45. Kd3 Rh1 46. Rg5 Kf6 47. Rg4 Bd8
48. Rg3 g5 49. Rf3+ Ke6 50. Rf8 Be7 51. Rc8 Bd6 52. Rxc6 Rh2 53. Ra6 Rxg2 54.
f3 g4 55. Rxa5 gxf3 56. Nxf3 Rg3 57. Ke3 Kd7 58. Ra7+ Kc6 59. Rh7 Bc7 60. Re7
Rh3 61. Rg7 Bb6 62. Rg5 Bc7 63. Kf2 Kb6 64. Kg2 Rh6 65. Nxe5 Rd6 66. Rg6 Rxg6+
67. Nxg6 Kc6 68. Kh3 Kd7 69. Kh4 Ke6 70. Kh5 Kf6 71. Kh6 Bd8 72. Kh7 Bc7 73.
Nf8 Ke5 74. Nd7+ Kd4 {?} 75. Kg6 {e5 gewinnt sofort} Bh2 {?? unglaublich} 76.
a5 1-0

[Event "Aktivschachturnier (30 Sek. pro Zug)"]
[Site "Wuppertal"]
[Date "2007.??.??"]
[Round "?"]
[White "Excel 68000, Fidelity"]
[Black "Corona, Saitek"]
[Result "0-1"]
[ECO "D99"]
[WhiteElo "1858"]
[BlackElo "1900"]
[Annotator "Jaeger,Thomas"]
[PlyCount "72"]
[EventDate "2007.??.??"]
[TimeControl "120+1"]

{32MB, book.ctg, ANJATHOMAS} 1. d4 Nf6 2. c4 g6 3. Nc3 d5 4. Nf3 Bg7 5. Qb3
dxc4 6. Qxc4 O-O 7. e4 Bg4 8. Be3 Nfd7 9. Qb3 c5 10. d5 {letzter Buchzug} Bxf3
{letzter Buchzug} 11. Qxb7 Bxg2 12. Bxg2 Nb6 13. Bxc5 N8d7 14. Be3 f5 15. f3
Nc4 16. Bf2 fxe4 17. fxe4 Rb8 18. Qxa7 Nxb2 19. Bd4 Nd3+ 20. Kd2 Ra8 21. Qxa8
Qxa8 22. Bxg7 Rf2+ 23. Kxd3 Kxg7 24. a4 Qa6+ {?! noch ein Fehler, aber der
Excel verliert nach grottenschlechtem Spiel trotzdem} 25. Nb5 Rxg2 26. Ke3 Qb6+
27. Nd4 Rd2 {wow???!} 28. Kxd2 Qxd4+ 29. Kc2 Qxe4+ 30. Kc3 Qe3+ 31. Kc2 Qc5+
32. Kb2 Nb6 33. Rhd1 Qb4+ 34. Kc2 Nxa4 35. Rdc1 Qc4+ 36. Kd2 Qxd5+ 0-1

[Event "Aktivschachturnier (30 Sek. pro Zug)"]
[Site "Wuppertal"]
[Date "2007.??.??"]
[Round "?"]
[White "Corona, Saitek"]
[Black "Montreal 68000, Mephisto"]
[Result "1-0"]
[ECO "C78"]
[WhiteElo "1900"]
[BlackElo "1970"]
[Annotator "Jaeger,Thomas"]
[PlyCount "117"]
[EventDate "2007.??.??"]
[TimeControl "120+1"]

{32MB, book.ctg, ANJATHOMAS} 1. e4 e5 2. Nf3 Nc6 3. Bb5 a6 4. Ba4 Nf6 5. O-O b5
6. Bb3 Bb7 7. Re1 {letzter Buchzug} Bc5 {letzter Buchzug} 8. d3 Qe7 9. Be3 Bxe3
10. fxe3 O-O 11. a4 Na5 12. axb5 Nxb3 13. cxb3 axb5 14. Na3 c6 15. d4 Rfe8 16.
Qb1 d6 17. dxe5 dxe5 18. Qc2 Qb4 19. Nd2 Qa5 20. Rad1 h6 21. h3 Qb4 22. Qd3
Red8 23. Nc2 Qe7 {Dc5!} 24. Qe2 Ra2 25. Rc1 Rxb2 26. Red1 Ra2 27. Kh2 Qc5 28.
b4 Qe7 29. Kg1 Bc8 30. Kh2 Be6 31. Kg1 Rd7 32. Kh1 Rd6 {
c5 ist seit vielen Zugen das Beste} 33. Kg1 Qd8 34. Kh2 Qc7 35. Kg1 Qd7 36. Kh2
Ne8 37. Kg1 f6 (37... Bxh3 38. gxh3 Rxc2 39. Rxc2 Qxh3 40. Kf2 Rg6 {
ist wohl zu viel verlangt}) 38. Kh2 Nc7 39. Kg1 Na6 40. Qe1 Rd3 41. Qe2 Qd6 42.
Kh2 Bd7 {sehr bedachtig} 43. Kg1 Rb2 44. Nf3 Nxb4 45. Nfe1 Rxd1 46. Rxd1 Qe6
47. Rd2 Nxc2 48. Nxc2 Qb3 {?! reicht aber} 49. Rxd7 Rxc2 {Df2 verliert!} 50.
Qf3 Ra2 {?? De6!} 51. Rd8+ Kf7 52. Qh5+ g6 53. Qxh6 Ke6 54. Kh2 Ra7 55. Qxg6
Qc4 56. Qg8+ Rf7 57. Qg4+ f5 58. Qg6+ Ke7 59. Qd6# 1-0

[Event "Aktivschachturnier (30 Sek. pro Zug)"]
[Site "Wuppertal"]
[Date "2007.??.??"]
[Round "?"]
[White "Montreal 68000, Mephisto"]
[Black "Corona, Saitek"]
[Result "1-0"]
[ECO "B83"]
[WhiteElo "1970"]
[BlackElo "1900"]
[Annotator "Jaeger,Thomas"]
[PlyCount "121"]
[EventDate "2007.??.??"]
[TimeControl "120+1"]

{32MB, book.ctg, ANJATHOMAS} 1. e4 c5 2. Nf3 e6 3. Be2 Nc6 4. O-O Nf6 5. Nc3 {
letzter Buchzug} d6 6. d4 cxd4 7. Nxd4 Be7 {letzter Buchzug} 8. Bb5 Bd7 9. Be3
O-O 10. Qd3 Ne5 11. Qe2 a6 12. Bxd7 Qxd7 13. Bf4 b5 14. Rab1 b4 15. Nd1 Qa4 16.
Ra1 b3 {?!} 17. Nxb3 Qxe4 18. Qxe4 Nxe4 19. Re1 Nf6 20. Bxe5 dxe5 21. Rxe5 Nd7
22. Re3 Nb6 23. c3 Rad8 24. Re2 h6 25. Ne3 e5 {?!} 26. Nf5 Bf6 27. Nc5 Ra8 28.
Ne4 Bd8 29. Rd1 Bc7 30. Nc5 Rfd8 31. Ree1 a5 32. Ne7+ Kf8 33. Nc6 Re8 34. Nd7+
Nxd7 35. Rxd7 Bb8 36. Rd5 Bc7 37. Nxe5 Rad8 38. Rxd8 Rxd8 39. Nc4 Rd5 40. g3
Rc5 41. b3 Rd5 42. Kg2 Rd3 43. Rc1 Ke7 44. b4 Rd5 45. a4 Kd7 46. b5 Rc5 47.
Rd1+ Kc8 48. Rd4 Be5 49. Nxe5 Rxe5 50. Rf4 Re7 51. c4 Kc7 52. c5 f6 53. c6 Re2
54. Rd4 Re7 55. f4 g6 56. Kf3 f5 57. Rd5 Re4 58. Rd7+ Kc8 59. b6 Re8 60. Ra7
Kb8 61. c7+ 1-0

[Event "Aktivschachturnier (30 Sek. pro Zug)"]
[Site "Wuppertal"]
[Date "2007.??.??"]
[Round "?"]
[White "Centurion, Saitek"]
[Black "Corona, Saitek"]
[Result "1-0"]
[ECO "D02"]
[WhiteElo "1978"]
[BlackElo "1900"]
[Annotator "Jaeger,Thomas"]
[PlyCount "41"]
[EventDate "2007.??.??"]
[TimeControl "120+1"]

{32MB, book.ctg, ANJATHOMAS} 1. d4 d5 2. g3 {letzter Buchzug} Nf6 3. Bg2 e6 4.
Nf3 Be7 5. O-O O-O {letzter Buchzug} 6. Bg5 c5 7. c3 Nbd7 8. Nbd2 h6 9. Bf4 Qb6
10. Qc2 Rd8 11. Rfd1 Re8 12. a4 Rd8 13. a5 Qc6 14. dxc5 Qb5 {?? verliert sofort
} 15. Nd4 Qa6 16. b4 b5 17. axb6 Qb7 18. Nc4 Nb8 19. Bxb8 Qxb8 20. Nc6 Qb7 21.
N4a5 1-0

[Event "Aktivschachturnier (30 Sek. pro Zug)"]
[Site "Wuppertal"]
[Date "2007.??.??"]
[Round "?"]
[White "Corona, Saitek"]
[Black "Centurion, Saitek"]
[Result "1-0"]
[ECO "C11"]
[WhiteElo "1900"]
[BlackElo "1978"]
[Annotator "Jaeger,Thomas"]
[PlyCount "87"]
[EventDate "2007.??.??"]
[TimeControl "120+1"]

{32MB, book.ctg, ANJATHOMAS} 1. e4 e6 2. d4 d5 3. Nc3 Nf6 4. e5 Nfd7 5. f4 c5
6. Nf3 Nc6 7. Be3 {letzter Buchzug} Qb6 8. Na4 Qa5+ 9. c3 cxd4 10. b4 Nxb4 {
letzter Buchzug} 11. cxb4 Bxb4+ 12. Bd2 f6 13. exf6 Bxd2+ 14. Nxd2 Nxf6 15. Bd3
Ne4 16. Bxe4 dxe4 17. O-O Bd7 18. Nb2 Qd5 19. Re1 d3 20. Rxe4 Bc6 21. Qe1 O-O
22. Qe3 Qb5 23. Nxd3 Bxe4 24. Nxe4 Qd5 25. Ng5 Rfe8 26. Ne5 b6 27. a3 Rac8 28.
Re1 h6 29. Ne4 Rc2 30. h3 Rec8 31. Ng6 Kf7 32. Qg3 Qd4+ {?!} 33. Kh2 R8c7 34.
Ne5+ Kf8 35. Qg6 Qb2 36. Nd6 {? Td1!} Re7 {?} 37. Nec4 Qa2 38. Nc8 {
? wieder gewinnt Td1!} Rc7 39. N8d6 Re7 40. f5 Rf2 41. Rxe6 Rxg2+ 42. Qxg2
Qxg2+ 43. Kxg2 Rxe6 44. fxe6 1-0

[Event "Aktivschachturnier (30 Sek. pro Zug)"]
[Site "Wuppertal"]
[Date "2007.??.??"]
[Round "?"]
[White "Centurion, Saitek"]
[Black "Montreal 68000, Mephisto"]
[Result "1-0"]
[ECO "D31"]
[WhiteElo "1978"]
[BlackElo "1970"]
[Annotator "Jaeger,Thomas"]
[PlyCount "162"]
[EventDate "2007.??.??"]
[TimeControl "120+1"]

{32MB, book.ctg, ANJATHOMAS} 1. c4 e6 2. d4 d5 3. Nc3 c6 4. Nf3 dxc4 5. a4 Bb4
6. e3 {letzter Buchzug} b5 {letzter Buchzug} 7. Be2 Nf6 8. O-O Bxc3 9. bxc3 O-O
10. Ba3 Re8 11. Qc2 Nbd7 12. Ng5 Qc7 13. axb5 cxb5 14. Bf3 Rb8 15. Bb4 a6 16.
Bh5 g6 17. Bf3 Bb7 18. Bxb7 Qxb7 19. Ra2 e5 {
Montreal sieht sich 0,36 hinten, obwohl er eher besser steht!} 20. Rfa1 Ra8 21.
Ra3 Qc6 22. Ba5 h6 23. Nf3 Kg7 24. Qa2 Nd5 {?!} (24... e4 25. Nd2 Nd5 26. Bb4
f5 27. Qb2 Nxb4 28. cxb4 Qd6 29. Nb1 Ne5 30. Nc3 Nd3) 25. e4 N5f6 {
zu passiv! Sf4!} 26. d5 Qc8 27. Nd2 Nc5 28. f3 Nfd7 29. Qc2 Na4 {Sd3!} (29...
Nd3 30. Bb4 Qb7 31. h3 Qb6+ 32. Kh2 Qf2 33. Qd1 Nf4 34. Qg1 Qxd2 35. R3a2 Nxh3
36. Kxh3 Qf4) 30. R3a2 Qc5+ 31. Kh1 Nf6 32. Bb4 Qc7 33. Ba3 {Ta4 sah gut aus}
Rad8 34. Nf1 Rh8 {?! planlos Sh5 nebst Sf4} (34... Nh5 35. Bc1 Nf4 36. Bxf4
exf4 37. Nd2 Qc5) 35. Ng3 a5 36. Rb1 Qd7 37. Rba1 Rhe8 38. Ne2 Rg8 39. Ng3 Rh8
40. Rd1 Qa7 41. Rb1 Qd7 42. Rd1 Rhe8 43. Rda1 Qa7 44. Nf1 Rh8 45. Nd2 Rhg8 46.
Nxc4 Qc7 47. Ne3 Qxc3 48. Qxc3 Nxc3 49. Rc2 b4 {?!} 50. Bb2 Rc8 51. Rxa5 Rgd8 {
jetzt steht Weiss plotzlich klar besser!} 52. Ra6 Nd7 53. Rc6 Rxc6 54. dxc6 Nc5
55. Bxc3 bxc3 56. Rxc3 Ne6 57. c7 Rc8 58. Nd5 h5 59. Rc6 g5 60. Kg1 h4 61. Kf2
Nd4 62. Nb6 Nxc6 63. Nxc8 f6 64. Nd6 Na7 65. Ke3 Kf8 66. c8=Q+ Nxc8 67. Nxc8
Kg7 68. Nd6 Kf8 69. Nf5 Kf7 70. Kd3 Kg6 71. g3 hxg3 72. hxg3 g4 73. fxg4 Kg5
74. Ne3 Kg6 75. Kc4 Kg7 76. Kd5 Kf7 77. Nf5 Kg6 78. Ke6 Kg5 79. Ne3 Kg6 80. Nd5
Kg5 81. Nxf6 Kh6 1-0

[Event "Aktivschachturnier (30 Sek. pro Zug)"]
[Site "Wuppertal"]
[Date "2007.??.??"]
[Round "?"]
[White "Montreal 68000, Mephisto"]
[Black "Centurion, Saitek"]
[Result "1-0"]
[ECO "A00"]
[WhiteElo "1970"]
[BlackElo "1978"]
[Annotator "Jaeger,Thomas"]
[PlyCount "123"]
[EventDate "2007.??.??"]
[TimeControl "120+1"]

{32MB, book.ctg, ANJATHOMAS} 1. e4 e5 2. Nf3 Nc6 3. d4 exd4 4. Nxd4 Nf6 5. Nxc6
bxc6 6. Bd3 d5 {letzter Buchzug} 7. Nd2 {letzter Buchzug} Be7 8. e5 Ng4 9. Qe2
O-O 10. O-O f6 11. e6 Ne5 12. f4 Nxd3 13. cxd3 f5 14. Nf3 Rf6 15. Qf2 Rxe6 16.
Be3 Ba6 17. Ne5 Bf6 18. Bxa7 Bxe5 19. fxe5 Bxd3 20. Rfd1 Be4 21. Bd4 g6 {?!}
22. a3 Qg5 23. Rac1 Qh5 24. h3 Ra6 25. Rd2 Ra4 26. Qf4 Ra8 27. Rc3 Rae8 28. Rc1
g5 29. Qf2 f4 30. Rc3 Ra8 31. Qf1 Qg6 32. Qf2 Re7 33. Rd1 Bf5 34. Rdc1 Re6 35.
Rb3 Qe8 36. Kh2 Be4 37. Rb4 Re7 38. Rb3 Ra6 39. Rb7 Qa8 40. Rb3 Re8 41. g3 {
jetzt wird sogar der Montreal aktiv} f3 42. Qe3 h6 43. h4 Qd8 44. Rcc3 gxh4 45.
Qxh6 hxg3+ 46. Kxg3 Ra4 {?! c5 gewinnt wohl} 47. Rxc6 Qe7 48. Rb4 Rxb4 49. axb4
Rc8 50. e6 Qh7 51. Qxh7+ Kxh7 52. e7 Re8 53. Rxc7 Kg6 54. b5 Kf5 55. b6 Rg8+
56. Kf2 Kf4 57. b7 Bf5 58. Rc8 Rg2+ 59. Kf1 Bd3+ 60. Ke1 Re2+ 61. Kd1 Rxe7 62.
b8=Q+ 1-0

[Event "Aktivschachturnier (30 Sek. pro Zug)"]
[Site "Wuppertal"]
[Date "2007.??.??"]
[Round "?"]
[White "MM V, Mephisto"]
[Black "Montreal 68000, Mephisto"]
[Result "1-0"]
[ECO "C42"]
[WhiteElo "1974"]
[BlackElo "1970"]
[Annotator "Jaeger,Thomas"]
[PlyCount "79"]
[EventDate "2007.??.??"]
[TimeControl "120+1"]

{32MB, book.ctg, ANJATHOMAS} 1. e4 e5 2. Nf3 Nf6 3. Nxe5 d6 4. Nf3 Nxe4 5. d4 {
letzter Buchzug} Be7 {letzter Buchzug} 6. Nbd2 Nf6 7. Bd3 O-O 8. O-O Nc6 9. c3
d5 10. Qb3 b6 11. Re1 Bg4 12. Ne5 Nxe5 13. dxe5 Ne8 14. Qc2 h6 15. Nb3 Qd7 16.
f3 Be6 17. Nd4 c5 18. Bb5 Qc8 19. Nxe6 Qxe6 20. Bd3 Bh4 21. g3 Be7 22. Bh7+ Kh8
23. Bf5 Qc6 24. Bf4 Nc7 25. Rad1 Ne6 26. Be3 Rad8 27. Rf1 Qc7 28. f4 Qb7 29.
Bxe6 fxe6 30. Qg6 Qd7 31. b3 b5 32. g4 b4 33. cxb4 cxb4 34. f5 exf5 35. gxf5
Rfe8 36. Rf3 Bh4 37. Qh5 Be7 38. e6 Qb7 39. Bxh6 Bf6 40. Bxg7+ {gibt matt in 5Z
} 1-0

[Event "Aktivschachturnier (30 Sek. pro Zug)"]
[Site "Wuppertal"]
[Date "2007.??.??"]
[Round "?"]
[White "Montreal 68000, Mephisto"]
[Black "MM V, Mephisto"]
[Result "0-1"]
[ECO "A00"]
[WhiteElo "1970"]
[BlackElo "1974"]
[Annotator "Jaeger,Thomas"]
[PlyCount "118"]
[EventDate "2007.??.??"]
[TimeControl "120+1"]

{32MB, book.ctg, ANJATHOMAS} 1. d4 d5 2. c4
c6 3. Nf3 Nf6 4. Nc3 dxc4 5. a4 Bf5 6. e3 e6 7. Bxc4 Bb4 8. O-O O-O {
letzter Buchzug} 9. Qb3 {letzter Buchzug} Qb6 10. Nh4 Bg4 11. h3 Bh5 12. g4 Bg6
13. Nxg6 hxg6 14. g5 Nd5 15. Ne2 Qa5 16. e4 Nb6 17. Bf4 N8d7 18. Rfd1 Nxc4 19.
Qxc4 Rfe8 20. Nc3 Be7 21. h4 e5 22. dxe5 Nxe5 23. Bxe5 Qxe5 24. Qd4 Qe6 25. Qd7
Qb3 26. Qd4 a6 27. Qe3 Bb4 28. Rd2 Qe6 29. f3 Qh3 30. Rad1 Qxh4 31. Rh2 Qg3+
32. Rg2 Qe5 33. Qd2 b6 34. Kf1 Qe6 35. Rh2 c5 36. Kg1 Qb3 37. Qd5 c4 38. Qd2
Bxc3 39. bxc3 Qxa4 40. Kg2 Qc6 41. Rdh1 Kf8 42. Qd4 Qc5 {?} 43. Qxc5+ {
? Dd7 gewinnt leicht!} bxc5 44. Rh8+ Ke7 45. R8h7 Rg8 46. Ra1 Kd7 47. Kg1 Kc6
48. Kf2 a5 49. Ke3 a4 50. Ra3 Rgb8 51. Rxg7 Rb3 52. Ra2 Rxc3+ 53. Kf4 Ra7 54.
Rh2 a3 55. Ra2 Rb3 56. Rg8 Rb2 57. Ra1 c3 58. Rc8+ Kb5 59. Ke3 Kc4 0-1

[Event "Aktivschachturnier (30 Sek. pro Zug)"]
[Site "Wuppertal"]
[Date "2007.??.??"]
[Round "?"]
[White "Corona, Saitek"]
[Black "MM V, Mephisto"]
[Result "1/2-1/2"]
[ECO "A00"]
[WhiteElo "1900"]
[BlackElo "1974"]
[Annotator "Jaeger,Thomas"]
[PlyCount "98"]
[EventDate "2007.??.??"]
[TimeControl "120+1"]

{32MB, book.ctg, ANJATHOMAS} 1. d4 d5 2. c4 c6 3. Nf3 Nf6 4. Nc3 dxc4 5. a4 Bf5
6. Ne5 Nbd7 7. Nxc4 Qc7 8. g3 e5 9. dxe5 Nxe5 10. Bf4 Rd8 11. Qc1 {
letzter Buchzug} Bd6 12. Nxd6+ Qxd6 13. Bg2 O-O 14. Qe3 Nc4 {?!} 15. Bxd6 Nxe3
16. fxe3 Rxd6 17. e4 Nxe4 18. Bxe4 Bxe4 19. Nxe4 Rd5 20. Nc3 Re5 21. O-O Rd8
22. e4 Rde8 23. Rad1 a5 24. Rd7 b5 25. Ra7 b4 26. Nd1 f6 27. Nf2 R8e7 28. Ra6
Rc5 29. Nd3 Rg5 30. Rc1 Rxe4 31. Ra8+ Kf7 32. Rxc6 Rd4 33. Rc7+ Kg6 34. Nf2 b3
35. Raa7 Kh6 36. Rcb7 Rxa4 37. Rxb3 Rd4 38. Kf1 Rd2 39. g4 Re5 40. h4 Ree2 41.
Nd3 Rh2 42. g5+ fxg5 43. hxg5+ Kxg5 44. Rxa5+ Kh6 45. Ra6+ g6 46. Ke1 Rhe2+ 47.
Kf1 Rh2 48. Kg1 Rdg2+ 49. Kf1 Rd2 1/2-1/2

[Event "Aktivschachturnier (30 Sek. pro Zug)"]
[Site "Wuppertal"]
[Date "2007.??.??"]
[Round "?"]
[White "MM V, Mephisto"]
[Black "Corona, Saitek"]
[Result "1-0"]
[ECO "C55"]
[WhiteElo "1974"]
[BlackElo "1900"]
[Annotator "Jaeger,Thomas"]
[PlyCount "61"]
[EventDate "2007.??.??"]
[TimeControl "120+1"]

{32MB, book.ctg, ANJATHOMAS} 1. e4 e5 2. Nf3 Nc6 3. Bc4 Nf6 4. d4 exd4 5. O-O
Bc5 6. e5 d5 7. exf6 dxc4 8. Re1+ {letzter Buchzug} Kf8 {letzter Buchzug} 9.
fxg7+ Kxg7 10. Ne5 Nxe5 11. Rxe5 Bb6 12. Qe2 d3 13. cxd3 cxd3 14. Qf3 Re8 15.
Qg3+ Kh8 16. Bg5 Be6 17. Bxd8 Raxd8 18. Nd2 c6 19. Qg5 Rd5 20. Rae1 Bd8 21. Qe3
Bb6 22. Qf4 Bc7 23. Qf6+ Kg8 24. Rxd5 cxd5 25. Re3 b5 26. Rxd3 a5 27. f4 Bb6+
28. Kf1 Bc7 29. Rc3 Bb8 30. Nb3 a4 31. Nc5 1-0

[Event "Aktivschachturnier (30 Sek. pro Zug)"]
[Site "Wuppertal"]
[Date "2007.??.??"]
[Round "?"]
[White "Amsterdam, Mephisto"]
[Black "Corona, Saitek"]
[Result "1-0"]
[ECO "B86"]
[WhiteElo "1927"]
[BlackElo "1900"]
[Annotator "Jaeger,Thomas"]
[PlyCount "150"]
[EventDate "2007.??.??"]
[TimeControl "120+1"]

{32MB, book.ctg, ANJATHOMAS} 1. e4 c5 2. Nf3 e6 3. d4 cxd4 4. Nxd4 Nf6 5. Nc3
d6 {letzter Buchzug} 6. Bc4 {letzter Buchzug} d5 {?!} 7. exd5 Nxd5 8. Bxd5 exd5
9. Qe2+ Be7 10. Qb5+ Nd7 11. Be3 O-O 12. Qxd5 Nb6 13. Qxd8 Rxd8 14. O-O Nc4 15.
b3 Nxe3 16. fxe3 Bg4 17. Ne4 Rac8 18. c4 h6 19. Rf4 Bh5 20. Raf1 Bg6 21. a4 a5
22. R1f2 Bb4 23. Ng3 Re8 24. Ngf5 Rcd8 25. R2f3 Bc5 26. Rg4 Re5 27. Kf1 Ree8
28. h3 Bb4 29. Kg1 Bc3 30. Rfg3 Re5 31. Rf4 {Sh4!?} Bxf5 32. Nxf5 Rd1+ 33. Kh2
Re6 34. Nd4 Re7 35. Rgg4 Rd2 36. Re4 Rxe4 37. Rxe4 Kf8 38. Kg3 Rb2 39. c5 Be1+
40. Kh2 Bb4 41. Rf4 Ke8 42. Rf5 g6 43. Rd5 f6 {?!} 44. Rd6 Ke7 45. Re6+ Kf7 46.
Rb6 Bxc5 47. Rxb7+ Kg8 48. Kg3 Bb4 49. Rb6 Be1+ 50. Kf4 Rf2+ 51. Nf3 Bc3 52.
Rc6 Rc2 {?} 53. Ke4 Rc1 54. Nd4 f5+ 55. Kd3 Bb2 56. Rxg6+ Kh7 57. Rc6 Rf1 58.
Ra6 Bxd4 59. exd4 Rb1 60. Kc4 Rc1+ 61. Kb5 Rc3 62. Rxa5 Rxb3+ 63. Kc4 Rb2 64.
Rxf5 Rxg2 65. a5 Kg6 66. Rf3 Ra2 67. Kb5 Rb2+ 68. Kc6 Ra2 69. Kb5 Rb2+ 70. Kc5
Ra2 71. Kb4 h5 72. Ra3 Rb2+ 73. Kc4 Rc2+ 74. Kd5 Kf6 75. a6 Rc8 1-0

[Event "Aktivschachturnier (30 Sek. pro Zug)"]
[Site "Wuppertal"]
[Date "2007.??.??"]
[Round "?"]
[White "Corona, Saitek"]
[Black "Amsterdam, Mephisto"]
[Result "0-1"]
[ECO "B02"]
[WhiteElo "1900"]
[BlackElo "1927"]
[Annotator "Jaeger,Thomas"]
[PlyCount "110"]
[EventDate "2007.??.??"]
[TimeControl "120+1"]

{32MB, book.ctg, ANJATHOMAS} 1. e4 Nf6 2. e5 Nd5 3. c4 Nb6 4. c5 Nd5 5. Bc4 e6
6. Nc3 Nxc3 7. dxc3 Nc6 8. Bf4 Bxc5 9. Qg4 g5 {letzter Buchzug} 10. Qxg5 Qxg5
11. Bxg5 {letzter Buchzug} Nxe5 12. Bb5 (12. Bf6 Nxc4 13. Bxh8 Nxb2 14. Bd4 Be7
15. Rb1) 12... a6 13. Bf6 axb5 14. Bxe5 Rg8 15. Nh3 Rxg2 {
?!d6 bringt grosen Vorteil fur Schwarz} 16. Bg3 b6 17. Nf4 Bxf2+ 18. Bxf2 Rg5
19. Rf1 Bb7 20. Be3 Rf5 21. Rg1 e5 22. Rg8+ Ke7 23. Rxa8 Bxa8 24. Nd3 Be4 25.
Nf2 Bd5 26. a4 Rh5 27. a5 bxa5 28. Rxa5 Rxh2 29. Rxb5 Ke6 30. Ra5 f5 31. Ra7 f4
32. Bc5 d6 33. Bb4 c5 34. Ba5 Bf3 {e4!} 35. Bd8 e4 36. Re7+ Kd5 37. Rf7 e3 38.
c4+ {?} Ke6 {? Ke5 gewinnt sofort} 39. Re7+ {? Tf4!} Kf5 40. Rf7+ Ke5 41. Nd3+
Kd4 {Ke6 und aus} 42. Rxf4+ Kxd3 43. Rxf3 Rxb2 44. Kf1 Rb1+ 45. Kg2 Rb7 46. Bf6
Rb3 47. Be7 Kxc4 48. Bxd6 e2 49. Bg3 Rxf3 50. Kxf3 Kd3 51. Be1 c4 52. Kf2 h5
53. Kf3 h4 54. Kf2 h3 55. Ba5 c3 0-1